 Dungeon Crawl Stone Soup version 0.29-a0-1047-g7c58e119a4 (webtiles) character file.

Game seed: 4018758822122363239

52 nickcage the Poker (level 3, -2/27 HPs)
             Began as a Merfolk Gladiator on Aug 16, 2022.
             Slain by Sigmund
             ... wielding a +2 scythe of freezing
              (3 damage)
             ... on level 2 of the Dungeon.
             The game lasted 00:02:33 (1458 turns).

nickcage the Poker (Merfolk Gladiator)              Turns: 1458, Time: 00:02:33

Health: -2/27      AC:  4    Str: 16    XL:     3   Next: 85%
Magic:  3/3        EV: 13    Int:  7    God:
Gold:   110        SH:  0    Dex: 15    Spells: 2/2 levels left

rFire   . . .      SeeInvis .   a - +0 trident
rCold   . . .      Faith    .   i - orb {light}
rNeg    . . .      Spirit   .   b - +0 leather armour
rPois   +          Reflect  .   c - +0 helmet
rElec   .          Harm     .   (no cloak)
rCorr   .          Rampage  .   (no gloves)
Will    .....                   (no boots)
Stlth   +.........              (no amulet)
HPRegen 0.09/turn               h - ring of poison resistance
MPRegen 0.08/turn               (no ring)

@: confused, glowing
A: (nimble swimmer 2), mertail
a: no special abilities


You were on level 2 of the Dungeon.
You visited 1 branch of the dungeon, and saw 2 of its levels.

You collected 110 gold pieces.

Inventory:

Hand Weapons
 a - a +0 trident (weapon)
Missiles
 d - 3 throwing nets (quivered)
Armour
 b - a +0 leather armour (worn)
 c - a +0 helmet (worn)
 i - an orb of light (worn)
Jewellery
 h - a ring of poison resistance (left hand)
Scrolls
 f - 4 scrolls of teleportation {unknown}
 j - a scroll of summoning {unknown}
 k - a scroll of vulnerability {unknown}
 m - a scroll of fear {unknown}
Potions
 g - a potion of attraction {unknown}
 l - a potion of lignification {unknown}
 n - a potion of curing {unknown}


   Skills:
 - Level 2.1 Fighting
 + Level 6.2 Polearms
 - Level 2.0 Throwing
 - Level 4.0 Dodging


You had 2 spell levels left.
You didn't know any spells.
Your spell library contained the following spells:

 Spells                   Type           Power      Damage    Failure   Level
 Magic Dart               Conj           0%         1d3       50%         1
 Call Imp                 Summ           0%         N/A       65%         2
 Mephitic Cloud           Conj/Pois/Air  0%         N/A       86%         3


Dungeon Overview and Level Annotations

Branches:
Dungeon (2/15)

Altars:

Annotations:
D:2 Sigmund


Innate Abilities, Weirdness & Mutations

((You are very nimble when in or above water. (Stealth+, EV+, Speed+++)))
Your lower body shifts to a powerful aquatic tail in water.


Message History

Throw: javelin
Press: ? - help, Q - select action, (/) - cycle Shift-Dir - straight line, f - Sigmund
Aim: Sigmund, wielding a +2 scythe of freezing and wearing a +0 robe (slightly transparent, haloed, 75% to hit)
You throw a javelin. The javelin pierces through Sigmund!
Sigmund is moderately wounded.
You reach to attack!
You barely miss Sigmund.
Sigmund is moderately wounded.
Sigmund barely misses you.
You reach to attack!
You hit Sigmund but do no damage.
Sigmund is moderately wounded.
Sigmund barely misses you.
You reach to attack!
You hit Sigmund but do no damage.
Sigmund is moderately wounded.
You reach to attack!
You hit Sigmund.
Sigmund is heavily wounded.
Sigmund barely misses you.
You reach to attack!
You hit Sigmund but do no damage.
Sigmund is heavily wounded.
Sigmund gestures at you while chanting. The magic dart hits you.
You reach to attack!
You hit Sigmund.
Sigmund is heavily wounded.
Sigmund gestures at you while chanting.
You are confused.
You are too confused!
Sigmund gestures at you while chanting. You resist with significant effort.
You bump into the rock wall.
Sigmund hits you with a +2 scythe of freezing.
Sigmund freezes you.
You hit Sigmund.
Sigmund is heavily wounded.
You bump into the rock wall.
Sigmund gestures at you while chanting. The magic dart hits you.
You bump into the rock wall.
Sigmund hits you with a +2 scythe of freezing!
* * * LOW HITPOINT WARNING * * *
Sigmund freezes you.
You die...

# #[##.########
#(...@@.....#
.##..#.######.#
###.# ..#.# #.#
..... ....# #.#
...##...## #.#
#........### #.#
#.......... #.#
#........# #.#
#######........#
#.#


You could see Sigmund (invisible).

Vanquished Creatures
  3 adders (D:2)
  A dart slug (D:1)
  3 ball pythons (D:1)
  3 endoplasms
  2 goblins
  A hobgoblin (D:1)
  2 quokkas (D:1)
  A frilled lizard (D:1)
  4 kobolds
  5 rats
25 creatures vanquished.

Notes
Turn   | Place    | Note
-------+----------+-------------------------------------------
     0 | D:1      | nickcage the Merfolk Gladiator began the quest for the Orb.
     0 | D:1      | Reached XP level 1. HP: 16/16 MP: 1/1
   141 | D:1      | Reached XP level 2. HP: 9/22 MP: 2/2
   549 | D:1      | Reached skill level 5 in Polearms
  1028 | D:1      | Found a faded altar of an unknown god.
  1201 | D:2      | Reached XP level 3. HP: 27/27 MP: 3/3
  1264 | D:2      | Reached skill level 6 in Polearms
  1443 | D:2      | Noticed Sigmund
  1458 | D:2      | HP: 1/27 [Sigmund/+2 scythe of freezing (12)]
  1458 | D:2      | Slain by Sigmund

Illustrated notes

Levels and vault maps discovered:
D:1:      dpeg_arrival_rooms_c, layout_basic,
          dreamdust_ecumenical_altar_hidden_monk_grotto
D:2:      layout_loops_ring, kennysheep_generic_room_6, uniq_crazy_yiuf_cottage,
          uniq_sigmund

Skill      XL: |  1  2  3 |
---------------+----------+-----
Polearms       | 5 6 |  6.2
Fighting       | |  2.1
Throwing       | |  2.0
Dodging        | |  4.0

Action                   || total
-------------------------++-------
Melee: Trident           ||    75
Throw: Javelin           ||     1
 Stab: Sleeping          ||     2
Armor: Leather armour    ||    15
Dodge: Dodged            ||    49

Table legend: (Time is in decaauts)
 A = Elapsed time spent in this place.
 B = Non-inter-level travel time spent in this place.
 C = Inter-level travel time spent in this place.
 D = Time resting spent in this place.
 E = Time spent auto-exploring this place.
 F = Levels seen in this place.
 G = Mean time per level.
                   A        B        C        D        E       F      G
               +--------+--------+--------+--------+--------+-----+--------+
         Total |   1461 |   1427 |     34 |    225 |   1018 |   2 |  730.5 |
       Dungeon |   1461 |   1427 |     34 |    225 |   1018 |   2 |  730.5 |
               +--------+--------+--------+--------+--------+-----+--------+

Top non-repeatable levels by time:
     D:1: 1143 daAuts
     D:2: 317 daAuts
